AoeStats
← TerrorTerp24

Arabia

510547765Analyzed
1v1 RM · 2d ago on Oct 1, 2026· 51m 51s· 2 players
Game mode
Random Map
Map size
Tiny (2 player)
Population
200
Speed
Normal
Resources
Standard
Victory
Conquest
Starting age
Dark Age
Ending age
Imperial Age
RankedLock teamsTeams togetherTeam positionsShared explorationLock speedFull tech treeHidden civsTurbo modeCheats
Victory
Defeat
🇨🇳 Chinese · China
840
+13
🇺🇸 Franks · United States
781
-13
TerrorTerp24
10:30 Feudal Age
11:49 Wheelbarrow
11:04 Double-Bit Axe
15:24 Loom
18:17 Gold Mining
22:08 Castle Age
21:03 Scale Barding Armor
21:29 Forging
23:17 Chain Barding Armor
23:34 Iron Casting
25:16 Husbandry
29:09 Hand Cart
29:37 Bow Saw
30:08 Gold Shaft Mining
280897526
0:35 Loom
10:39 Feudal Age
11:20 Double-Bit Axe
12:52 Gold Mining
13:42 Fletching
16:37 Town Watch
16:59 Padded Archer Armor
17:02 Horse Collar
19:46 Stone Mining
21:47 Wheelbarrow
25:38 Castle Age
25:49 Crossbowman
26:25 Bodkin Arrow
26:44 Bow Saw
27:14 Gold Shaft Mining
28:17 Heavy Plow
30:01 Thumb Ring
32:36 Stone Shaft Mining
32:29 Hand Cart
37:45 Town Patrol
38:54 Murder Holes
42:26 Imperial Age
40:42 Fervor
40:52 Sanctity
43:26 Ballistics
43:31 Conscription
42:33 Arbalester
43:41 Herbal Medicine
45:17 Two-Man Saw
47:10 Chemistry
46:26 Bracer
46:45 Great Wall
46:46 Sappers
47:18 Arson
48:10 Leather Archer Armor
51:39 Arrowslits
Connection lost

Rejoining the realm…

Still unreachable

The connection could not be restored.

Session expired

The server has moved on; the page needs a fresh start.